Map: Whispers of Gold

Players

llllllllllll - Winner!

  • Race: Zerg Zerg
  • League: Master
  • Spawn Location: 9:00

EightNovem

  • Race: Terran Terran
  • League: Diamond
  • Spawn Location: 5:00

VOD

Have the link to the VOD?

Description

Time

  • Played on: Feb. 21, 2025, 5:34 p.m.
  • Length: 10:52
Show
View Real Time Build Order
Export as new Build Order

llllllllllll Zerg - Winner!

Build Orders: Hatch First 

Get SALT Encoding   

  12  0:00  Drone  
  13  0:08  Drone  
  14  0:17  Overlord  
  14  0:25  Drone, Extractor  
  15  0:35  Drone x2  
  17  0:52  Hatchery  
  17  0:55  Drone  
  17  0:58  Drone  
  18  1:08  Extractor  
  17  1:14  Spawning Pool  
  17  1:17  Drone  
  17  1:20  Drone  
  18  1:26  Drone  
  19  1:47  Overlord  
  19  2:05  Queen x2  
  19  2:06  Zergling x4  
  19  2:07  Drone  
  26  2:14  Drone  
  27  2:18  Overlord  
  27  2:26  Drone x2  
  29  2:40  Queen  
  29  2:43  Drone x3  
  34  2:55  Drone x2  
  34  2:56  Metabolic Boost  
  36  3:16  Overlord  
  36  3:17  Drone x3  
  36  3:18  Drone x5  
  44  3:24  Extractor  
  43  3:36  Extractor  
  43  3:40  Lair  
  42  3:41  Pneumatized Carapace  
  42  3:43  Drone  
  42  3:47  Extractor  
  42  3:48  Overlord  
  42  4:12  Hatchery  
  42  4:16  Zergling x2  
  42  4:17  Zergling x16  
  50  4:33  Drone  
  50  4:34  Drone  
  50  4:37  Roach Warren  
  51  4:38  Overseer  
  51  4:39  Evolution Chamber  
  50  4:59  Overlord x2  
  32  5:24  Drone x11  
  43  5:41  Glial Reconstitution  
  43  5:42  Zerg Missile Weapons Level 1  
  41  5:53  Queen  
  40  6:12  Drone x7  
  40  6:13  Drone x4  
  40  6:14  Drone  
  52  6:19  Overlord  
  52  6:20  Overlord x4  
  52  6:37  Roach x4  
  52  6:38  Roach x4  
  68  6:48  Drone x3  
  70  6:56  Overlord x2  
  70  7:07  Roach x7  
  84  7:26  Roach x9  
  84  7:28  Overlord  
  102  7:39  Ravager x2  
  102  7:40  Ravager x5  
  107  8:08  Roach x10  
  127  8:15  Zerg Ground Armor Level 1  
  127  8:20  Ravager  
  128  8:38  Drone x2, Extractor  
  128  8:39  Drone x3  
  128  8:40  Drone x3, Extractor  
  134  8:41  Drone  
  93  9:11  Overseer  
  93  9:14  Roach x6  
  93  9:15  Roach x12  
  118  9:38  Overseer  
  118  9:53  Hatchery  
  105  10:05  Roach x8  
  105  10:06  Roach x7  
Show
View Real Time Build Order
Export as new Build Order

EightNovem Terran 

Build Orders: Liberator Opening, Reaper Expand 

Get SALT Encoding   

  12  0:00  SCV  
  13  0:12  SCV  
  14  0:18  Supply Depot  
  14  0:24  SCV  
  15  0:39  SCV  
  15  0:41  Barracks  
  16  0:45  Refinery  
  16  0:51  SCV  
  17  1:03  SCV  
  18  1:15  SCV  
  19  1:29  Reaper, Orbital Command  
  20  1:46  Command Center  
  20  1:54  Supply Depot  
  20  2:03  SCV  
  21  2:16  SCV  
  21  2:19  Factory  
  22  2:28  SCV  
  23  2:35  Barracks Reactor  
  23  2:40  SCV  
  24  2:50  Command Center  
  24  2:52  SCV  
  25  3:01  SCV  
  25  3:04  SCV  
  27  3:06  Starport  
  27  3:13  Orbital Command  
  27  3:18  Bunker  
  27  3:25  Hellion  
  27  3:26  SCV, Hellion  
  32  3:31  Refinery  
  32  3:38  SCV  
  33  3:47  Hellion, Liberator  
  38  3:53  SCV  
  38  3:54  SCV  
  40  3:56  Barracks Tech Lab, Hellion  
  40  4:02  SCV  
  42  4:05  SCV  
  42  4:08  Hellion  
  45  4:14  Orbital Command  
  45  4:15  Supply Depot  
  45  4:21  SCV x2, Hellion  
  49  4:30  Starport Reactor  
  49  4:33  SCV x2  
  51  4:38  Supply Depot  
  51  4:41  SCV  
  51  4:45  SCV x2  
  54  4:46  Barracks  
  54  4:51  Barracks  
  54  4:53  SCV, Factory Reactor  
  54  4:57  SCV x2  
  53  5:08  SCV  
  48  5:15  Marauder  
  48  5:17  Stimpack  
  48  5:18  SCV  
  48  5:19  Barracks  
  51  5:22  SCV  
  51  5:23  SCV  
  51  5:26  Refinery  
  51  5:28  Refinery  
  53  5:31  SCV  
  53  5:34  SCV  
  55  5:35  Medivac  
  55  5:36  Marauder  
  55  5:37  Medivac  
  49  5:53  SCV  
  49  5:54  SCV  
  44  5:57  Marine  
  44  5:59  Factory Tech Lab  
  42  6:04  Orbital Command  
  42  6:05  SCV  
  42  6:06  SCV  
  44  6:15  Marine  
  44  6:17  SCV  
  46  6:18  SCV  
  46  6:19  Barracks Reactor  
  46  6:29  SCV  
  46  6:30  SCV  
  48  6:32  Marine  
  48  6:33  SCV  
  48  6:37  Marine x2  
  52  6:41  SCV  
  52  6:42  SCV  
  52  6:45  SCV  
  55  6:50  Marine  
  55  6:53  SCV  
  57  6:54  SCV  
  57  6:55  Marine  
  57  6:57  SCV  
  60  7:01  Barracks  
  60  7:05  SCV  
  60  7:07  SCV  
  60  7:08  Marine  
  62  7:09  SCV  
  62  7:11  Marine x3  
  62  7:13  Marine  
  68  7:18  SCV  
  68  7:19  SCV  
  68  7:21  SCV  
  71  7:24  Engineering Bay x2, Combat Shield  
  71  7:26  Starport Reactor, Marine  
  71  7:28  Marine  
  71  7:29  Marine  
  74  7:30  SCV  
  74  7:31  SCV  
  74  7:33  SCV  
  77  7:37  Supply Depot  
  77  7:40  Supply Depot  
  77  7:50  Supply Depot  
  77  7:53  Terran Infantry Armor Level 1, Marine  
  77  7:55  SCV, Marine  
  77  7:56  SCV  
  77  7:57  SCV  
  77  7:58  Marine x6  
  77  7:59  Marauder  
  72  8:08  SCV  
  72  8:09  SCV  
  72  8:11  Marine  
  68  8:13  Marine  
  68  8:14  Siege Tank  
  70  8:20  SCV, Marauder  
  70  8:21  SCV  
  70  8:23  Marine x4  
  70  8:24  Marine  
  79  8:32  SCV  
  79  8:34  Supply Depot  
  79  8:35  Supply Depot  
  73  8:55  Marine x2  
  73  8:56  SCV x2  
  73  8:57  Siege Tank, Marauder  
  72  9:06  Marine x3  
  72  9:08  SCV x2  
  66  9:10  Marine  
  66  9:15  Marine  
  66  9:16  Marine x2  
  62  9:17  Marine  
  62  9:18  Marauder  
  62  9:20  SCV x2  
  62  9:25  Marine  
  62  9:29  Siege Tank  
  66  9:32  SCV x2  
  66  9:37  Marine  
  69  9:40  Marauder  
  69  9:44  SCV x2  
  73  9:46  Armory  
  73  9:56  SCV x2, Orbital Command  
  73  9:57  Marine x2  
  73  9:58  Marine  
  78  10:01  Marauder  
  80  10:08  SCV x2  
  80  10:11  Marine  
  80  10:12  Marine x2  
  72  10:18  Marine  
  72  10:20  SCV x2  
  71  10:22  Marauder  
  71  10:24  Marine x4  
  61  10:30  SCV  
Tags
 
Add a new tag
Caveats
  • Supply blocks, unpowered buildings, or Contaminate may cause inaccurate times.
  • Supply counts are checked every 10 seconds.